 Dungeon Crawl Stone Soup version 0.19-a0-1694-g2dd932f (webtiles) character file.

19584 JeffiDaFish the Thaumaturge (level 12, -1/62 HPs)
             Began as a Spriggan Enchanter on Sept 26, 2016.
             Was an Elder of Dithmenos.
             Slain by a catoblepas (15 damage)
             ... on level 3 of the Lair of Beasts on Sept 29, 2016.
             The game lasted 02:40:01 (16028 turns).

JeffiDaFish the Thaumaturge (Spriggan Enchanter)   Turns: 16028, Time: 02:40:02

Health: -1/62      AC:  6    Str:  5    XL:     12   Next: 37%
Magic:  36/38      EV:  4    Int: 20    God:    Dithmenos [****..]
Gold:   701        SH:  0    Dex: 17    Spells: 6 memorised, 21 levels left

rFire  . . .     SeeInvis +     i - +6 dagger (drain)
rCold  + . .     Gourm    .     b - +2 robe
rNeg   + + +     Faith    .     (shield restricted)
rPois  ∞         Spirit   .     (helmet restricted)
rElec  .         Dismiss  .     (no cloak)
rCorr  .         Reflect  .     (gloves unavailable)
MR     ++...     Harm     .     (boots unavailable)
Stlth  ++++++++..               f - amulet of regeneration
                                M - ring of magical power
                                D - ring of positive energy

@: petrified, wreathed by umbra, very quick
A: unfitting armour, beak, rugged brown scales 1, see invisible, cold resistance
1, herbivore 3, speed 3, slow metabolism 2
a: Shadow Step, Renounce Religion


You were on level 3 of the Lair of Beasts.
You worshipped Dithmenos.
Dithmenos was greatly pleased with you.
You were not hungry.

You visited 3 branches of the dungeon, and saw 14 of its levels.

You collected 827 gold pieces.
You spent 126 gold pieces at shops.

Inventory:

Hand Weapons
 a - a +1 dagger
 i - a +6 dagger of draining (weapon)
 y - a +2 dagger of speed
 B - a cursed +2 dagger of freezing
Missiles
 m - 12 tomahawks (quivered)
Armour
 b - a +2 robe (worn)
Jewellery
 f - an amulet of regeneration (around neck)
 k - an uncursed ring of protection from fire
 l - an uncursed ring of protection from fire
 v - an uncursed amulet of regeneration
 D - a ring of positive energy (left hand)
 M - a ring of magical power (right hand)
Wands
 j - a wand of confusion (39/48)
 o - a wand of slowing (19/48)
 s - a wand of iceblast (6/15)
Scrolls
 e - a scroll of enchant armour
 n - 2 scrolls of fear
 w - 3 scrolls of teleportation
 C - 3 scrolls of blinking
 F - 4 scrolls of remove curse
 H - 2 scrolls of identify
 I - a scroll of recharging
Potions
 d - a potion of brilliance {unknown}
 h - 6 potions of curing
 p - 3 potions of flight
 t - a potion of might
 x - a potion of resistance
 L - 2 potions of agility
 N - 2 potions of mutation
Books
 c - a book of Maledictions

   Spells                             Type                      Level
   a - Corona                         Hexes                        1
   b - Ensorcelled Hibernation        Hexes/Ice                    2
   c - Confuse                        Hexes                        3
   d - Tukima's Dance                 Hexes                        3
   e - Dazzling Spray                 Conjuration/Hexes            3
 r - a Young Poisoner's Handbook

   Spells                             Type                      Level
   a - Sting                          Conjuration/Poison           1
   b - Mephitic Cloud                 Conjuration/Poison/Air       3
   c - Olgreb's Toxic Radiance        Poison                       4
   d - Alistair's Intoxication        Transmutation/Poison         5
   e - Venom Bolt                     Conjuration/Poison           5
 E - a book of the Tempests

   Spells                             Type                      Level
   a - Static Discharge               Conjuration/Air              3
   b - Lightning Bolt                 Conjuration/Air              5
   c - Fireball                       Conjuration/Fire             5
   d - Tornado                        Air                          9
   e - Shatter                        Earth                        9
 G - a book of Spatial Translocations

   Spells                             Type                      Level
   a - Apportation                    Translocation                1
   b - Blink                          Translocation                2
   c - Shroud of Golubria             Charms/Translocation         2
   d - Portal Projectile              Translocation                3
   e - Teleport Other                 Translocation                3
   f - Passage of Golubria            Translocation                4
 J - a book of Misfortune

   Spells                             Type                      Level
   a - Confusing Touch                Hexes                        1
   b - Confuse                        Hexes                        3
   c - Gell's Gravitas                Hexes/Translocation          3
   d - Petrify                        Transmutation/Earth          4
   e - Metabolic Englaciation         Hexes/Ice                    5
   f - Yara's Violent Unravelling     Hexes/Transmutation          5
Miscellaneous
 q - a crystal ball of energy
Comestibles
 g - 18 fruits
 u - a bread ration
 z - 9 slices of pizza
 A - a royal jelly


   Skills:
 + Level 6.1 Fighting
 + Level 7.6 Short Blades
 + Level 11.2 Dodging
 + Level 11.2 Stealth
 * Level 12.0 Spellcasting
 + Level 9.2 Hexes
 * Level 7.3 Ice Magic


You had 21 spell levels left.
You knew the following spells:

 Your Spells              Type           Power        Failure   Level  Hunger
a - Corona                Hex            #####..      1%          1    None
b - Ensorcelled Hibernat  Hex/Ice        #####.       1%          2    None
c - Confuse               Hex            #####...     1%          3    None
d - Dazzling Spray        Conj/Hex       ####..       2%          3    None
e - Blink                 Tloc           N/A          10%         2    None
f - Gell's Gravitas       Hex/Tloc       ####......   2%          3    None


Dungeon Overview and Level Annotations

Branches:
Dungeon (10/15)            Temple (1/1) D:7            Lair (3/6) D:9
 Spider (0/4) Lair:2
  Swamp: Lair:2-4    Shoals: Lair:2-4       Orc: D:9-12

Altars:
Ashenzari
Cheibriados
Dithmenos
Elyvilon
Fedhas
Gozag
Hepliaklqana
Kikubaaqudgha
Makhleb
Nemelex Xobeh
Okawaru
Qazlal
Ru
Sif Muna
Trog
Uskayaw
Vehumet
Xom
Yredelemnul
The Shining One

Shops:
D:7 ?

Annotations:
D:3 Specter's ghost, amateur DsAK
D:7 4 runed doors


Innate Abilities, Weirdness & Mutations

You are very small and have problems with some larger weapons.
You are too small for most types of armour.
You have supernaturally acute eyesight. (SInv)
You are a herbivore.
You cover ground extremely quickly.
You need consume almost no food.
You have a beak for a mouth.
You are partially covered in rugged brown scales. (AC +1, +3% HP)
Your flesh is cold resistant. (rC+)


Message History

Press: ? - help, Shift-Dir - straight line, f/p - catoblepas
Aim: a catoblepas (severely wounded, lightly drained, umbra)
The spray of energy hits the catoblepas.
The catoblepas is severely wounded.
The catoblepas gores you!
* * * LOW HITPOINT WARNING * * *
The catoblepas breathes a plume of calcifying dust at you.
The blast of calcifying dust hits you!
* * * LOW HITPOINT WARNING * * *
The catoblepas breathes a plume of calcifying dust at you.
The blast of calcifying dust hits you!
You are engulfed in calcifying dust.
You are slowing down.
You see here 14 stones.
Your limbs are stiffening.
You have turned to stone.
The catoblepas gores you!
* * * LOW HITPOINT WARNING * * *
The catoblepas gores you!!
You die...

..........## #P.......#
#..........# #.......##
##........### #........#
###.........# ##.......#
###.#......#######.....PP#
.####.......##.##P.....PP#### #
..##..........####........#.#.###
..........(......................
................@Y.(.............
........................§Y.......
.................................
.............................$...
...##.....#.##.##+##...).#.##.P#.
PP###.....#........#....#### .##
P###......#........#....# #
P###...............#....#
..#.......#.†......#.


You could see a catoblepas.

Vanquished Creatures
  5 hydras
  A hill giant (D:10)
  4 spiny frogs (Lair:2)
  A komodo dragon (Lair:1)
  4 jumping spiders (Lair:2)
  2 trolls (D:9)
  A two-headed ogre (D:10)
  4 hippogriffs
  12 blink frogs
  2 dream sheep (D:9)
  5 redbacks (Lair:2)
  A wraith (D:10)
  13 yaks
  2 porcupines
  5 water moccasins
  Duvessa (D:7)
  Purgy (D:4)
  2 orc warriors
  2 ice beasts
  5 sky beasts
  5 ogres
  6 wolves (Lair:1)
  4 phantoms
  3 crocodiles
  3 centaurs
  Blork the orc (D:4)
  4 big kobolds (D:9)
  A wyvern zombie (D:8)
  7 bullfrogs
  Dowan (D:7)
  A wyvern skeleton (D:10)
  2 scorpions
  6 killer bees
  9 wights (D:8)
  2 electric eels (D:6)
  3 crimson imps
  2 centaur zombies
  3 hounds
  4 jellies
  2 orc priests
  A bullfrog skeleton (D:8)
  15 orc wizards
  6 iguanas
  Natasha (twice) (D:4)
  5 worker ants
  A killer bee zombie (D:7)
  A hound zombie (D:7)
  A hound skeleton (D:8)
  Robin (D:2)
  7 gnolls
  15 river rats
  15 adders
  2 howler monkey skeletons
  2 shadow imps
  3 oozes (D:1)
  An adder zombie (D:5)
  2 adder skeletons (D:5)
  5 dart slugs
  2 worms (D:2)
  3 leopard geckos
  28 orcs
  12 bats
  5 giant cockroaches
  13 hobgoblins
  2 jackals (D:2)
  18 kobolds
  3 quokkas
  3 ball pythons
  6 frilled lizards
  12 goblins
  A quokka skeleton (D:4)
  A quokka zombie (D:4)
  11 rats
  5 fungi (D:9)
352 creatures vanquished.

Notes
Turn   | Place    | Note
-------+----------+-------------------------------------------
     0 | D:1      | JeffiDaFish the Spriggan Enchanter began the quest for the Orb.
     0 | D:1      | Reached XP level 1. HP: 9/9 MP: 5/5
   124 | D:1      | Reached XP level 2. HP: 12/13 MP: 6/6
   137 | D:1      | Learned a level 2 spell: Ensorcelled Hibernation
   284 | D:1      | Reached skill level 5 in Stealth
   391 | D:1      | Reached skill level 3 in Spellcasting
   664 | D:1      | Reached XP level 3. HP: 15/16 MP: 8/8
  1169 | D:2      | Noticed Robin
  1741 | D:2      | Reached XP level 4. HP: 20/21 MP: 9/9
  1843 | D:2      | Killed Robin
  3045 | D:3      | Reached XP level 5. HP: 25/25 MP: 11/11
  3371 | D:3      | Reached skill level 4 in Spellcasting
  3416 | D:3      | Noticed Specter's ghost (amateur DsAK)
  3868 | D:4      | Noticed Blork the orc
  3929 | D:4      | Noticed a phantom
  4008 | D:4      | Reached skill level 1 in Fighting
  4092 | D:4      | Noticed Natasha
  4319 | D:4      | Reached XP level 6. HP: 24/30 MP: 10/13
  4340 | D:4      | Noticed Purgy
  4342 | D:4      | Killed Purgy
  4342 | D:4      | Reached skill level 5 in Hexes
  4991 | D:4      | Reached skill level 5 in Dodging
  4991 | D:4      | Reached skill level 5 in Spellcasting
  4991 | D:4      | Reached XP level 7. HP: 34/34 MP: 6/15
  5846 | D:4      | Killed Natasha
  5849 | D:4      | Noticed Natasha
  6197 | D:4      | Killed Blork the orc
  6422 | D:4      | Killed Natasha
  6483 | D:5      | Entered Level 5 of the Dungeon
  6561 | D:5      | Reached skill level 6 in Spellcasting
  6596 | D:5      | Reached XP level 8. HP: 39/39 MP: 13/18
  6869 | D:5      | Reached skill level 1 in Ice Magic
  6874 | D:5      | Learned a level 3 spell: Confuse
  6878 | D:5      | Learned a level 3 spell: Dazzling Spray
  7587 | D:6      | Reached skill level 7 in Spellcasting
  8531 | D:7      | Found Kulatter's Magic Scroll Shoppe.
  8542 | D:7      | Bought a scroll of enchant weapon for 90 gold pieces
  8542 | D:7      | Bought a scroll of teleportation for 36 gold pieces
  8794 | D:7      | Found a huge runed gate.
  8794 | D:7      | Found a huge runed gate.
  8794 | D:7      | Found a huge runed gate.
  8794 | D:7      | Found a huge runed gate.
  8794 | D:7      | Noticed a polar bear
  8794 | D:7      | Noticed a polar bear
  8794 | D:7      | Noticed a polar bear
  8794 | D:7      | Noticed a polar bear
  8795 | D:7      | Noticed a polar bear
  8795 | D:7      | Noticed a hippogriff
  8795 | D:7      | Noticed a death yak
  8800 | D:7      | Noticed a death yak
  8800 | D:7      | Noticed a hippogriff
  8801 | D:7      | Noticed a polar bear
  8847 | D:7      | Reached XP level 9. HP: 44/44 MP: 18/21
  8891 | D:7      | Found a radiant altar of Vehumet.
  8947 | D:7      | Noticed Duvessa
  8948 | D:7      | Noticed Dowan
  8950 | D:7      | Killed Duvessa
  8957 | D:7      | Killed Dowan
  9012 | D:7      | Found a staircase to the Ecumenical Temple.
  9021 | Temple   | Entered the Ecumenical Temple
  9093 | Temple   | Became a worshipper of Dithmenos the Shadowed
  9819 | D:7      | Reached skill level 5 in Short Blades
 10127 | D:8      | Reached skill level 8 in Spellcasting
 10271 | D:8      | Reached * piety under Dithmenos
 10531 | D:8      | Reached XP level 10. HP: 49/49 MP: 15/23
 11182 | D:8      | Reached skill level 9 in Spellcasting
 11451 | D:9      | Noticed a six-headed hydra
 11516 | D:9      | Killed a six-headed hydra
 11616 | D:9      | Found a staircase to the Lair.
 11618 | D:9      | Got a warped emerald amulet
 11682 | D:9      | Reached ** piety under Dithmenos
 11859 | D:9      | Reached skill level 5 in Ice Magic
 12375 | D:9      | Reached skill level 10 in Spellcasting
 12487 | D:9      | Noticed a three-headed hydra
 12496 | D:9      | Killed a three-headed hydra
 12588 | D:9      | Reached XP level 11. HP: 54/54 MP: 26/26
 12602 | D:10     | Entered Level 10 of the Dungeon
 12606 | D:10     | Reached skill level 10 in Stealth
 12725 | D:10     | Learned a level 2 spell: Blink
 12821 | D:10     | Noticed a hill giant
 12822 | D:10     | Reached *** piety under Dithmenos
 12837 | D:10     | Killed a hill giant
 12837 | D:10     | Reached skill level 5 in Fighting
 13048 | D:10     | Learned a level 3 spell: Gell's Gravitas
 13423 | Lair:1   | Entered Level 1 of the Lair of Beasts
 13788 | Lair:1   | Reached skill level 10 in Dodging
 13877 | Lair:1   | Noticed a four-headed hydra
 13892 | Lair:1   | Killed a four-headed hydra
 14013 | Lair:1   | Reached skill level 11 in Spellcasting
 14479 | Lair:2   | Noticed a five-headed hydra
 14494 | Lair:2   | Killed a five-headed hydra
 14542 | Lair:2   | Identified the amulet "Noesaw" {Harm -Tele *Drain rPois rC++ Dex+2} (You found it on level 9 of the Dungeon)
 14658 | Lair:2   | Reached **** piety under Dithmenos
 14680 | Lair:2   | Noticed a five-headed hydra
 14691 | Lair:2   | Killed a five-headed hydra
 14691 | Lair:2   | Reached XP level 12. HP: 60/60 MP: 28/28
 14785 | Lair:2   | Gained mutation: Your flesh is cold resistant. (rC+) [potion of mutation]
 14785 | Lair:2   | Gained mutation: You have a beak for a mouth. [potion of mutation]
 14785 | Lair:2   | Gained mutation: You are partially covered in rugged brown scales. (AC +1, +3% HP) [potion of mutation]
 15131 | Lair:2   | Found a hole to the Spider Nest.
 15746 | Lair:3   | Reached skill level 12 in Spellcasting
 15993 | Lair:3   | Noticed a catoblepas
 16028 | Lair:3   | Slain by a catoblepas

Vault maps used:
D:1:      dpeg_arrival_subterranean_lakeside_camping, minmay_ruptured
D:2:      uniq_robin
D:3:      first_bread, minmay_misc_feat_x, minmay_misc_feat_square
D:4:      uniq_purgy, uniq_natasha, uniq_blork_the_orc
D:5:      roderic_roman_lattice
D:6:      kennysheep_dice
D:7:      lemuel_bear_cage, chequers_ossuary_entry_cave, basic_altar,
          serial_shops, shop, uniq_duvessa
D:9:      dpeg_oklobed_lair, hangedman_ranch
Temple:   regret_index_temple_sigil_plot
Lair:1:   grunt_megastairs_2
Lair:2:   nicolae_spider_entry_tight_spaces, grunt_megastairs_3
Lair:3:   minmay_swamp_entry_reptiles, minivault_25, serial_bayou_shore_a,
          uniq_rupert

Skill      XL: |  1  2  3  4  5  6  7  8  9 10 11 12 |
---------------+-------------------------------------+-----
Stealth        | 5 6 7 8 9 10 11 | 11.2
Spellcasting   | 3 4 5 6 7 8 10 11 12 | 12.0
Hexes          | 4 5 6 7 8 9 |  9.2
Short Blades   | 2 3 4 5 6 7 |  7.6
Dodging        | 4 5 7 8 9 10 11 | 11.2
Fighting       | 1 2 3 4 5 6 |  6.1
Ice Magic      | 2 4 5 6 7 |  7.3

Action                   |  1- 3 |  4- 6 |  7- 9 | 10-12 || total
-------------------------+-------+-------+-------+-------++-------
Melee: Dagger            |   194 |   287 |   600 |   568 ||  1649
       Staff             |       |    46 |       |       ||    46
       Falchion          |       |    31 |       |       ||    31
       Peck              |       |       |       |    18 ||    18
 Cast: Ensorcelled Hiber |     3 |    37 |    75 |    42 ||   157
       Corona            |       |       |    22 |       ||    22
       Confuse           |       |       |    26 |    38 ||    64
       Dazzling Spray    |       |       |     8 |    28 ||    36
  Use: Scroll            |     1 |     5 |    12 |     4 ||    22
       Potion            |     1 |     6 |     1 |     8 ||    16
 Stab: Sleeping          |    14 |    28 |    49 |    65 ||   156
       Distracted        |     1 |       |       |       ||     1
       Confused          |       |       |    16 |    15 ||    31
       Invisible         |       |       |     4 |     4 ||     8
  Eat: Bread ration      |       |     1 |     1 |       ||     2
       Fruit             |       |       |       |     5 ||     5
Armor: Robe              |    25 |    41 |    46 |    25 ||   137
Dodge: Dodged            |   131 |   288 |   373 |   400 ||  1192
